 Dungeon Crawl Stone Soup version 0.20-a0-809-gaf7f668 (webtiles) character file.

4893 Kidiri the Thaumaturge (level 10, -14/56 HPs)
             Began as a Deep Elf Fire Elementalist on Mar 3, 2017.
             Was a Believer of Vehumet.
             Killed from afar by Erolcha (48 damage)
             ... with a crystal spear
             ... on level 9 of the Dungeon.
             The game lasted 00:41:27 (9734 turns).

Kidiri the Thaumaturge (Deep Elf Fire Elementalist) Turns: 9734, Time: 00:41:29

Health: -14/56     AC: 12    Str:  5    XL:     10   Next: 26%
Magic:  8/26       EV: 15    Int: 32    God:    Vehumet [**....]
Gold:   545        SH:  0    Dex: 18    Spells: 10/29 levels left

rFire    . . .     SeeInvis .   B - +3 dagger (holy)
rCold    . . .     Gourm    .   C - +3 leather armour {rPois}
rNeg     . . .     Faith    .   (no shield)
rPois    +         Spirit   .   v - +1 helmet
rElec    .         Reflect  .   (no cloak)
rCorr    .         Harm     .   (no gloves)
MR       +....     Rnd*Rage +   q - +1 pair of boots
Stlth    ++........             (no amulet)
Regen    0.2/turn               d - +3 ring of dexterity
MPRegen  0.2/turn               p - +6 ring of intelligence

@: slowed, very slow
A: icy blue scales 1, berserk 1, clever 1
a: Renounce Religion


You were on level 9 of the Dungeon.
You worshipped Vehumet.
Vehumet was pleased with you.
You were not hungry.

You visited 2 branches of the dungeon, and saw 10 of its levels.
You also visited: Ossuary.

You collected 545 gold pieces.

Inventory:

Hand Weapons
 B - a +3 dagger of holy wrath (weapon)
Armour
 a - a +0 robe
 q - a +1 pair of boots (worn)
 u - a +0 shield
 v - a +1 helmet (worn)
 C - a +3 leather armour of poison resistance (worn)
Jewellery
 d - a +3 ring of dexterity (right hand)
 p - a +6 ring of intelligence (left hand)
 G - an uncursed ring of resist corrosion
Wands
 x - a wand of iceblast (8/15)
 y - a wand of confusion (22/48)
Scrolls
 l - 2 scrolls of fear
 m - 4 scrolls of teleportation
 o - 7 scrolls of remove curse
 s - a scroll of magic mapping
 t - a scroll of blinking
 D - 3 scrolls of identify
 E - a scroll of recharging
Potions
 e - 2 potions of agility
 f - a potion of curing
 g - 2 potions of brilliance
 h - 2 potions of flight
 i - 6 potions of lignification
 k - 3 potions of might
 n - 2 potions of ambrosia
 r - 5 potions of heal wounds
 w - 2 potions of haste
Books
 b - a book of Flames

   Spells                             Type                      Level
   a - Flame Tongue                   Conjuration/Fire             1
   b - Throw Flame                    Conjuration/Fire             2
   c - Conjure Flame                  Conjuration/Fire             3
   d - Inner Flame                    Hexes/Fire                   3
   e - Sticky Flame                   Conjuration/Fire             4
   f - Fireball                       Conjuration/Fire             5
Comestibles
 c - 5 bread rations
 j - 3 fruits
 z - a meat ration
 A - 2 royal jellies
 F - 16 chunks of flesh


   Skills:
 + Level 3.4 Fighting
 + Level 4.2 Short Blades
 + Level 3.3 Armour
 + Level 5.9 Dodging
 - Level 2.4 Stealth
 + Level 3.0 Shields
 * Level 10.4 Spellcasting
 + Level 6.3 Conjurations
 + Level 6.5 Fire Magic
 + Level 1.8 Earth Magic
 + Level 3.5 Evocations


You had 10 spell levels left.
You knew the following spells:

 Your Spells              Type           Power        Failure   Level  Hunger
a - Flame Tongue          Conj/Fire      #####        1%          1    None
b - Throw Flame           Conj/Fire      ######       1%          2    None
c - Conjure Flame         Conj/Fire      ######..     1%          3    None
d - Inner Flame           Hex/Fire       #####...     4%          3    None
e - Sticky Flame          Conj/Fire      ######..     3%          4    None
f - Fireball              Conj/Fire      ######....   12%         5    ###....
g - Sandblast             Erth           ####..       2%          1    None


Dungeon Overview and Level Annotations

Branches:
Dungeon (9/15)             Temple (1/1) D:6
   Lair: D:8-11         Orc: D:9-12

Altars:
Cheibriados
Dithmenos
Elyvilon
Fedhas
Gozag
Hepliaklqana
Kikubaaqudgha
Makhleb
Nemelex Xobeh
Okawaru
Qazlal
Ru
Trog
Uskayaw
Vehumet
Wu Jian
Xom
Yredelemnul
Zin
The Shining One

Annotations:
D:9 Erolcha


Innate Abilities, Weirdness & Mutations

You are partially covered in icy blue scales. (AC +2)
You tend to lose your temper in combat.
Your mind is acute. (Int +2)


Message History

Erolcha is lightly wounded.
Erolcha gestures at you while chanting.
You feel yourself slow down.
Unknown command.
You feel better. Erolcha gestures at you while chanting.
The crystal spear hits you!
Items here: % ) [[ รทรท
Casting: Flame Tongue
Confirm with . or Enter, or press ? or * to list all spells.
Aiming: Sticky Flame
Press: ? - help, Shift-Dir - straight line, f/p - Erolcha
Aim: Erolcha, wielding a giant spiked club and wearing a robe (lightly wounded)
The sticky flame hits Erolcha.
Erolcha is moderately wounded.
Erolcha is covered in liquid flames!
Erolcha burns! x2
Erolcha casts a spell at you. The crystal spear hits you!
Ouch! That really hurt!
You die...

.. #.... .. #...# .# #...#
..## #...# .....
#...####.....
....##.......p.... .
#...##..O.......# ..
#...##..@[%.....#
...######...............#
........................#
...........####.........#
...........# #.........# ..
...........#
#.........####..
...#####...#
#............... .
#...####...............
..#####.....................


You could see Erolcha (burning) and a neutral freed slave (wandering).

Vanquished Creatures
  Pikel (D:9)
  The ghost of Gorglomux the Cleaver, a novice DDBe of Trog (D:5)
  A hippogriff (D:8)
  Sigmund (D:2)
  Menkaure (D:5)
  A water moccasin (D:9)
  Duvessa (D:7)
  5 orc warriors
  A black bear (D:8)
  2 ice beasts
  2 slaves (D:9)
  A necrophage (D:8)
  A sky beast (D:7)
  4 ogres
  2 centaurs
  An elf zombie (Ossuary)
  Dowan (D:7)
  4 scorpions
  3 wights (D:7)
  A crimson imp (D:5)
  The ghost of Sapher the Ruffian, a weakling VSFi (D:6)
  2 centaur zombies (Ossuary)
  4 hounds
  A jelly (D:9)
  2 human zombies (Ossuary)
  6 orc priests
  2 bullfrog skeletons
  15 orc wizards
  5 worker ants
  A big kobold zombie (Ossuary)
  A hound zombie (D:9)
  3 hound skeletons
  2 mummies (Ossuary)
  4 gnolls
  2 howler monkey skeletons
  7 adders
  An ooze (D:3)
  An adder skeleton (D:8)
  An adder zombie (Ossuary)
  A worm (D:3)
  A dart slug (D:1)
  5 leopard geckos
  31 orcs
  5 bats
  A giant cockroach (D:3)
  7 goblins
  3 hobgoblins
  4 jackals
  9 kobolds
  6 quokkas
  2 ball pythons
  8 frilled lizards
  14 hobgoblin zombies (Ossuary)
  2 jackal zombies (Ossuary)
  10 kobold zombies (Ossuary)
  A leopard gecko skeleton (D:5)
  4 orc zombies (Ossuary)
  2 quokka zombies
  13 rats
  4 bushes
229 creatures vanquished.

Notes
Turn   | Place    | Note
-------+----------+-------------------------------------------
     0 | D:1      | Kidiri the Deep Elf Fire Elementalist began the quest for the Orb.
     0 | D:1      | Reached XP level 1. HP: 10/10 MP: 6/6
   191 | D:1      | Gained mutation: You are partially covered in icy blue scales. (AC +2) [potion of mutation]
   191 | D:1      | Gained mutation: You tend to lose your temper in combat. [potion of mutation]
   191 | D:1      | Gained mutation: Your mind is acute. (Int +2) [potion of mutation]
   215 | D:1      | Reached XP level 2. HP: 15/15 MP: 6/8
   219 | D:1      | Learned a level 2 spell: Throw Flame
   706 | D:1      | Reached skill level 4 in Spellcasting
  1012 | D:2      | Reached XP level 3. HP: 14/19 MP: 5/10
  1017 | D:2      | Learned a level 3 spell: Conjure Flame
  1021 | D:2      | Learned a level 3 spell: Inner Flame
  1397 | D:2      | Reached XP level 4. HP: 24/24 MP: 0/12
  1445 | D:2      | Reached skill level 5 in Spellcasting
  1451 | D:2      | Learned a level 4 spell: Sticky Flame
  1478 | D:2      | Noticed Sigmund
  1493 | D:2      | Killed Sigmund
  1493 | D:2      | Reached skill level 6 in Spellcasting
  1493 | D:2      | Reached XP level 5. HP: 23/28 MP: 0/15
  1870 | D:2      | Found an opulent altar of Gozag.
  2505 | D:3      | Reached XP level 6. HP: 32/32 MP: 10/17
  2512 | D:3      | Learned a level 5 spell: Fireball
  3071 | D:4      | Found a sparkling altar of Nemelex Xobeh.
  3072 | D:4      | Found a glowing golden altar of the Shining One.
  3201 | D:4      | Found a sand-covered staircase.
  3210 | Ossuary  | Entered an ossuary
  3590 | Ossuary  | Reached skill level 1 in Short Blades
  3633 | Ossuary  | Reached skill level 1 in Fighting
  3633 | Ossuary  | Reached skill level 7 in Spellcasting
  3633 | Ossuary  | Reached XP level 7. HP: 8/38 MP: 0/19
  3978 | Ossuary  | Reached skill level 1 in Armour
  4119 | D:4      | Found a hide-covered altar of Uskayaw.
  4562 | D:5      | Entered Level 5 of the Dungeon
  4615 | D:5      | Noticed Menkaure
  4618 | D:5      | Killed Menkaure
  4618 | D:5      | Reached skill level 1 in Shields
  4713 | D:5      | Noticed Gorglomux's ghost (novice DDBe)
  4737 | D:5      | Killed Gorglomux's ghost
  4737 | D:5      | Reached skill level 8 in Spellcasting
  4737 | D:5      | Reached skill level 5 in Fire Magic
  4737 | D:5      | Reached XP level 8. HP: 44/44 MP: 2/22
  5874 | D:6      | Reached skill level 5 in Conjurations
  6042 | D:6      | Reached skill level 9 in Spellcasting
  6050 | D:6      | HP: 1/44 [orc wizard/magic dart (6)]
  6549 | D:6      | Noticed Sapher's ghost (weakling VSFi)
  6563 | D:6      | Killed Sapher's ghost
  6676 | D:6      | Found a staircase to the Ecumenical Temple.
  6687 | Temple   | Entered the Ecumenical Temple
  6784 | Temple   | Became a worshipper of Vehumet
  6855 | D:6      | Reached XP level 9. HP: 40/49 MP: 17/24
  7129 | D:6      | Reached skill level 1 in Evocations
  7717 | D:7      | Reached skill level 5 in Dodging
  7768 | D:7      | Reached * piety under Vehumet
  7768 | D:7      | Offered knowledge of Sandblast by Vehumet.
  7776 | D:7      | Learned a level 1 spell: Sandblast
  7918 | D:7      | Found a sacrificial altar of Ru.
  7941 | D:7      | Found a shadowy altar of Dithmenos.
  8013 | D:7      | Found an ancient bone altar of Kikubaaqudgha.
  8015 | D:7      | Found an ornate altar of the Wu Jian Council.
  8195 | D:7      | Noticed Duvessa
  8204 | D:7      | Noticed Dowan
  8207 | D:7      | Killed Duvessa
  8209 | D:7      | Killed Dowan
  8385 | D:7      | Reached skill level 10 in Spellcasting
  8831 | D:8      | Reached skill level 1 in Earth Magic
  9231 | D:8      | Reached ** piety under Vehumet
  9239 | D:8      | Reached XP level 10. HP: 45/56 MP: 7/26
  9411 | D:8      | Offered knowledge of Magic Dart by Vehumet.
  9688 | D:9      | Noticed Pikel
  9691 | D:9      | Killed Pikel
  9728 | D:9      | Noticed Erolcha
  9734 | D:9      | Killed from afar by Erolcha

Vault maps used:
D:1:      sevenhm_arrival_forest_fort_large_1
D:2:      marbit_many_paths, first_bread, serial_glass, glass_columns_b,
          glass_columns_b, glass_columns_b, glass_columns_a, glass_columns_a,
          glass_columns_a, uniq_sigmund
D:3:      lexackson_kobold_supper
D:4:      nicolae_overflow_crystal_walls, gammafunk_temple_overflow_pools,
          nicolae_ossuary_entry_monument
D:5:      serial_glass, glass_columns_c, glass_columns_a, glass_columns_a,
          glass_columns_c, glass_columns_a, glass_columns_a, uniq_menkaure
D:6:      minmay_temple_entry_statues
D:7:      grunt_dithmenos_smoke_and_mirrors, nicolae_ru_awakened_eye,
          chequers_temple_overflow_statue_of_worship, uniq_duvessa
D:8:      minmay_hedge_maze
D:9:      kennysheep_housing_project, ashenzari_altar_1, lemuel_round_altar,
          bloody_trog, uniq_erolcha, uniq_pikel
Temple:   nicolae_temple_hex_pool
Ossuary:  ossuary_tomb_1

Skill      XL: |  1  2  3  4  5  6  7  8  9 10 |
---------------+-------------------------------+-----
Spellcasting   | 4 6 7 8 9 10 | 10.4
Conjurations   | 2 3 4 5 6 |  6.3
Fire Magic     | 4 5 6 |  6.5
Short Blades   | 1 2 3 4 |  4.2
Fighting       | 1 2 3 |  3.4
Armour         | 1 2 3 |  3.3
Dodging        | 3 4 5 |  5.9
Shields        | 1 2 3 |  3.0
Evocations     | 3 |  3.5
Earth Magic    | 1 |  1.8
Stealth        | |  2.4

Action                   |  1- 3 |  4- 6 |  7- 9 | 10-12 || total
-------------------------+-------+-------+-------+-------++-------
Melee: Club              |     2 |    41 |       |       ||    43
       Dagger            |       |    29 |    95 |    30 ||   154
 Cast: Flame Tongue      |    48 |    91 |   218 |    18 ||   375
       Throw Flame       |     8 |     3 |    15 |       ||    26
       Sticky Flame      |       |     3 |    15 |     5 ||    23
       Conjure Flame     |       |     2 |     8 |       ||    10
       Inner Flame       |       |     1 |     3 |       ||     4
       Fireball          |       |     3 |     8 |     5 ||    16
  Use: Scroll            |     6 |     6 |    16 |     2 ||    30
       Potion            |     1 |       |     2 |     1 ||     4
 Stab: Sleeping          |       |     4 |     2 |       ||     6
  Eat: Chunk             |     1 |     7 |     9 |     2 ||    19
       Royal jelly       |       |       |     5 |       ||     5
Armor: Robe              |     8 |    23 |    25 |       ||    56
       Leather armour    |       |       |     8 |    16 ||    24
Dodge: Dodged            |    20 |    67 |    94 |    30 ||   211
